 Dungeon Crawl Stone Soup version 0.32-a0-913-g739538afd8 (webtiles) character file.

Game seed: 13145167023038271623

3082 tilp the Jinx (level 9, -17/68 HPs)
             Began as a Vampire Enchanter on Apr 8, 2024.
             Was an Initiate of Wu Jian.
             Hit by a large rock thrown by a cyclops (39 damage)
             ... on level 7 of the Dungeon.
             The game lasted 00:13:07 (6952 turns).

tilp the Jinx (Vampire Enchanter)                   Turns: 6952, Time: 00:13:08

Health: -17/68     AC:  5    Str:  7    XL:     9   Next: 58%
Magic:  15/15      EV: 12    Int: 22    God:    Wu Jian [......]
Gold:   375        SH:  0    Dex: 14    Spells: 3/16 levels left

rFire   . . .        a - +4 dagger (drain)
rCold   . . .        (no shield)
rNeg    . . .        s - +0 leather armour {Will+}
rPois   .            (no helmet)
rElec   .            y - +0 cloak
rCorr   .            C - +0 pair of gloves
SInv    +            (no boots)
Will    +....        i - amulet of magic regeneration
Stlth   +++          (no ring)
HPRegen 0.51/turn    (no ring)
MPRegen 0.54/turn

%: no passive effects
@: healing quickly
A: alive, fangs 3, see invisible, vampiric 2
a: Exsanguinate, Renounce Religion


You were on level 7 of the Dungeon.
You worshipped Wu Jian.
Wu Jian was noncommittal.
You visited 2 branches of the dungeon, and saw 8 of its levels.
You also visited: Sewer and Ossuary.

You collected 385 gold pieces.
You spent 10 gold pieces at shops.

Inventory:

Hand Weapons
 a - a +4 dagger of draining (weapon)
 b - a +1 hand axe of flaming
 B - a +1 dagger
 E - a +0 scimitar
Missiles
 t - a boomerang (quivered)
 v - 5 poisoned darts
Armour
 p - a +2 scale mail of cold resistance
 s - a +0 leather armour of willpower (worn)
 y - a +0 cloak (worn)
 C - a +0 pair of gloves (worn)
Jewellery
 i - an amulet of magic regeneration (around neck)
 G - an amulet of faith
Wands
 f - a wand of warping (4)
 k - a wand of quicksilver (10)
Scrolls
 d - 2 scrolls of immolation
 e - 4 scrolls of teleportation
 q - a scroll of blinking
 u - a scroll of fog
 x - a scroll of amnesia
 F - 2 scrolls of vulnerability
 H - a scroll of butterflies {unknown}
 I - a scroll of fear
Potions
 c - a potion of invisibility
 g - a potion of brilliance
 h - 2 potions of curing
 j - 6 potions of heal wounds
 l - a potion of cancellation
 m - a potion of berserk rage {unknown}
 n - a potion of ambrosia {unknown}
 o - 4 potions of mutation
 r - a potion of degeneration {unknown}
 w - 2 potions of haste
 z - 2 potions of enlightenment
 A - 3 potions of attraction
 J - a potion of might {unknown}


   Skills:
 * Level 5.1 Fighting
 - Level 3.0(5.0) Short Blades
 * Level 5.6(6.0) Long Blades
 + Level 5.1 Dodging
 + Level 7.8 Stealth
 + Level 4.2 Spellcasting
 * Level 9.4 Hexes
 + Level 1.1 Translocations
 + Level 3.2 Evocations


You had 3 spell levels left.
You knew the following spells:

 Your Spells              Type           Power      Damage    Failure   Level
a - Ensorcelled Hibernat  Hex/Ice        50%        N/A       3%          2
b - Confusing Touch       Hex            46%        N/A       1%          3
c - Tukima's Dance        Hex            46%        N/A       1%          3
d - Dazzling Flash        Conj/Hex       50%        N/A       7%          3
e - Blink                 Tloc           18%        N/A       16%         2

Your spell library contained the following spells:

 Spells                   Type           Power      Damage    Failure   Level
 Lesser Beckoning         Tloc           18%        N/A       16%         2
 Freeze                   Ice            16%        1d4       17%         1
 Sting                    Conj/Alch      16%        1d4       17%         1
 Momentum Strike          Conj/Tloc      14%        3d8       21%         2
 Mercury Vapours          Alch/Air       8%         N/A       26%         2
 Frozen Ramparts          Ice            8%         1d2       45%         3
 Hailstorm                Conj/Ice       4%         3d5       45%         3
 Silence                  Hex/Air        12%        N/A       54%         5
 Passage of Golubria      Tloc           9%         N/A       71%         4
 Olgreb's Toxic Radiance  Alch           4%         N/A       86%         4
 Lehudib's Crystal Spear  Conj/Erth      2%         10d2      100%        8


Dungeon Overview and Level Annotations

Branches:
Dungeon (7/15)             Temple (1/1) D:7           Sewer (visited)
Ossuary (visited)

Altars:
Ashenzari
Cheibriados
Fedhas
Gozag
Hepliaklqana
Kikubaaqudgha
Makhleb
Nemelex Xobeh
Okawaru
Qazlal
Sif Muna
Trog
Uskayaw
Vehumet
Wu Jian
Xom
Yredelemnul

Shops:
D:1 *:

Annotations:
D:1 1 transporter


Innate Abilities, Weirdness & Mutations

Your natural rate of healing is accelerated.
You have razor-sharp teeth.
You have supernaturally acute eyesight. (SInv)
You are afflicted with vampirism and can become a bat while bloodless.


Message History

Your hands begin to glow red.
You barely miss the white imp.
The white imp hits you but does no damage.
You closely miss the white imp.
You bite the white imp, but do no damage.
The white imp barely misses you.
You hit the white imp but do no damage.
The white imp appears confused.
You bite the white imp, but do no damage.
The white imp closely misses you.
Aiming: Quicksilver Bolt
Press: ? - help, Shift-Dir - straight line, f - white imp
Aim: a white imp (confused, 91% to hit)
The bolt of dispelling energy hits the white imp!
You kill the white imp!
The Council accepts your kill.
The bolt of dispelling energy hits the cyclops!
The cyclops is moderately wounded.
The bolt of dispelling energy hits the two-headed ogre!
You kill the two-headed ogre!
The Council accepts your kill.
The bolt of dispelling energy hits the hound!!
You kill the hound!
The Council accepts your kill.
The orc wizard points at you and mumbles some strange words.
You are confused.
The cyclops throws a large rock.
The large rock hits you!!!
Ouch! That really hurt!
* * * LOW HITPOINT WARNING * * *
Your Fighting skill increases to level 5!
Your Dodging skill increases to level 5!
Your Translocations skill increases to level 1!
Unknown command.
Unknown command.
You're too confused to cast spells.
Unknown command.
You feel better.
The cyclops throws a large rock.
The large rock closely misses the orc wizard.
The large rock hits you!!!
Ouch! That really hurt!
You die...

*,*#...#...............#*.#*,*
***,*#..............####.##.#*,*
,,,,**#:.....#....### #.#..**,**
*,*,**##...##......# #.#.#**,,,
*,*,,**###*#..../..# #.#.##****
*,**,,***#...#.#)#.# #....#
*,**,,,....####.C..# ###..#
*,**,*#..#.* ###o#.# #..#
*,**,,..ß#####ß#@#.# #..#
*,**,,#,*#....#..#.#######..#
*,**,,*,##....#.............#
*,**,,,,#..........########.#
*,***..............# *****.#****
*,* *##.##...####.## *,,,,..,,,,
*,* #.ß#..## *#.# *,***.##***
*,* #,,##..***#.# *,* *.# *,*
*,,*#..* #.# *,* *.#


You could see a cyclops and an orc wizard (invisible).

Vanquished Creatures
  A two-headed ogre (D:7)
  Sigmund (D:4)
  Edmund (D:4)
  An acid dragon (D:6)
  2 sky beasts
  An ice beast (D:5)
  An ogre (D:6)
  A lemure (D:6)
  3 scorpions
  A howler monkey (D:6)
  3 hounds
  5 jellies
  An iguana (D:3)
  A sleepcap (D:6)
  2 orc wizards
  6 scorpion zombies (Ossuary)
  3 mummies (Ossuary)
  10 adders
  4 river rats
  12 gnolls
  A white imp (D:7)
  4 ufetubi (D:5)
  3 adder zombies (Ossuary)
  A ribbon worm (D:2)
  6 orcs
  18 ball pythons
  2 bats (D:3)
  18 endoplasms
  11 giant cockroaches
  8 goblins
  8 hobgoblins
  4 jackals (D:2)
  4 kobolds
  5 quokkas
  7 frilled lizards
  4 gnoll zombies (Ossuary)
  A jackal zombie (Ossuary)
  3 kobold zombies (Ossuary)
  9 rats
177 creatures vanquished.

Vanquished Creatures (collateral kills)
  Pikel (D:6)
  4 wights (D:6)
  An orc (D:5)
6 creatures vanquished.

Vanquished Creatures (others)
  2 dancing weapons (D:6)
2 creatures vanquished.

Grand Total: 185 creatures vanquished

Notes
Turn   | Place    | Note
-------+----------+-------------------------------------------
     0 | D:1      | tilp the Vampire Enchanter began the quest for the Orb.
     0 | D:1      | Reached XP level 1. HP: 13/13 MP: 3/3
   211 | D:1      | Reached XP level 2. HP: 20/20 MP: 5/5
   214 | D:1      | Learned a level 2 spell: Ensorcelled Hibernation
   225 | D:1      | Found Satimait's General Store.
   670 | D:1      | Found Qebri's Book Shop.
   952 | D:1      | Bought a scroll of noise for 10 gold pieces
  1038 | D:2      | Reached skill level 1 in Long Blades
  1057 | D:2      | Gained mutation: You are afflicted with vampirism and can
                  | become a bat while bloodless. [Vampire growth]
  1057 | D:2      | Reached XP level 3. HP: 25/25 MP: 6/6
  1067 | D:2      | Learned a level 3 spell: Confusing Touch
  1107 | D:2      | Found an iron altar of Okawaru.
  1215 | D:2      | Reached skill level 1 in Fighting
  1456 | D:2      | Reached skill level 5 in Hexes
  1515 | D:2      | Reached XP level 4. HP: 32/32 MP: 7/7
  1900 | D:2      | Reached skill level 5 in Stealth
  1975 | D:2      | Reached XP level 5. HP: 26/37 MP: 5/8
  2265 | D:2      | Found a faded altar of an unknown god.
  2468 | D:2      | Learned a level 3 spell: Tukima's Dance
  2914 | D:3      | Reached XP level 6. HP: 44/44 MP: 4/9
  3351 | D:4      | Found a stormy altar of Qazlal.
  3826 | D:4      | Noticed Sigmund
  3832 | D:4      | Killed Sigmund
  3833 | D:4      | Reached skill level 6 in Hexes
  3833 | D:4      | Reached skill level 1 in Evocations
  3893 | D:4      | Noticed Edmund
  3908 | D:4      | Killed Edmund
  3909 | D:4      | Reached XP level 7. HP: 4/51 MP: 3/11
  4218 | D:5      | Entered Level 5 of the Dungeon
  4411 | D:5      | Found an opulent altar of Gozag.
  4644 | D:5      | Found a hide-covered altar of Uskayaw.
  4832 | D:5      | Reached skill level 7 in Hexes
  5062 | D:5      | Learned a level 3 spell: Dazzling Flash
  5128 | D:6      | Reached XP level 8. HP: 58/58 MP: 12/12
  5173 | D:6      | Found a glowing drain.
  5181 | Sewer    | Entered a sewer
  5337 | Sewer    | Found a viscous altar of Jiyva.
  5697 | D:6      | Reached skill level 8 in Hexes
  6058 | D:6      | Noticed Pikel
  6072 | D:6      | Killed Pikel
  6073 | D:6      | Reached XP level 9. HP: 66/66 MP: 8/14
  6090 | D:6      | Reached skill level 5 in Long Blades
  6292 | D:7      | Found a staircase to the Ecumenical Temple.
  6298 | Temple   | Entered the Ecumenical Temple
  6309 | Temple   | Became a worshipper of the Wu Jian Council
  6342 | D:7      | Noticed a two-headed ogre
  6371 | D:7      | Found a sand-covered staircase.
  6388 | D:7      | Learned a level 2 spell: Blink
  6389 | Ossuary  | Entered an ossuary
  6784 | Ossuary  | Reached skill level 9 in Hexes
  6922 | D:7      | Noticed a cyclops
  6951 | D:7      | Killed a two-headed ogre
  6952 | D:7      | Reached skill level 5 in Fighting
  6952 | D:7      | Reached skill level 5 in Dodging
  6952 | D:7      | Reached skill level 1 in Translocations
  6952 | D:7      | Hit by a large rock thrown by a cyclops

Illustrated notes

Levels and vault maps discovered:
D:1:      spicycebolla_arrival_risky_transporter, layout_basic, serial_shops,
          shop, shop
D:2:      layout_loops_corners, shapermc_ecumenical_altar_mp_vishouse,
          basic_altar, minmay_misc_feat_plants
D:3:      layout_basic, minmay_misc_feat_rugged
D:4:      layout_cave_pods, nicolae_qazlal_scattered_showers,
          sigmund_edmund_badplayer, uniq_sigmund
D:5:      layout_cave_pods, kennysheep_mini_moat,
          mainiacjoe_overflow_concentric_impassable
D:6:      layout_cave_pods, portal_sewer_entry_b, uniq_edmund, uniq_pikel
D:7:      layout_loops_ring, amcnicky_altar_gilded,
          minmay_temple_entry_offerings, lightli_ossuary_entry_decrepit_ruins,
          minmay_statues_item, minmay_manual_moon
Temple:   bh_familiar_temple

Skill      XL: |  1  2  3  4  5  6  7  8  9 |
---------------+----------------------------+-----
Long Blades    | 1 2 3 4 5 |  5.6
Fighting       | 1 2 3 4 5 |  5.1
Hexes          | 5 6 7 8 9 |  9.4
Stealth        | 5 6 7 |  7.8
Short Blades   | 2 3 |  3.0
Dodging        | 3 4 5 |  5.1
Evocations     | 1 2 3 |  3.2
Spellcasting   | 3 4 |  4.2
Translocations | 1 |  1.1

Action                     |  1- 3 |  4- 6 |  7- 9 || total
---------------------------+-------+-------+-------++-------
  Melee: Dagger            |    74 |    75 |   265 ||   414
         Bite              |     5 |     8 |    47 ||    60
   Cast: Ensorcelled Hiber |     8 |    42 |    38 ||    88
         Confusing Touch   |       |     2 |    17 ||    19
         Tukima's Dance    |       |       |     6 ||     6
Ability: Lunge             |       |       |     4 ||     4
  Evoke: Wand              |       |     3 |     1 ||     4
    Use: Scroll            |     4 |     5 |     9 ||    18
         Potion            |       |     1 |     1 ||     2
   Stab: Sleeping          |    13 |    22 |    26 ||    61
         Confused          |       |     1 |     9 ||    10
         Distracted        |       |     1 |     1 ||     2
 Armour: Robe              |    35 |    45 |       ||    80
         Leather armour    |       |    11 |   128 ||   139
  Dodge: Dodged            |    25 |    64 |   169 ||   258

Table legend: (Time is in decaauts)
 A = Elapsed time spent in this place.
 B = Non-inter-level travel time spent in this place.
 C = Inter-level travel time spent in this place.
 D = Time resting spent in this place.
 E = Time spent auto-exploring this place.
 F = Levels seen in this place.
 G = Mean time per level.
                   A        B        C        D        E       F      G
               +--------+--------+--------+--------+--------+-----+--------+
         Total |   6907 |   6485 |    422 |    355 |   4655 |  10 |  690.7 |
       Dungeon |   6098 |   5696 |    402 |    182 |   4389 |   7 |  871.1 |
        Temple |     21 |      1 |     20 |      0 |      0 |   1 |   21.0 |
         Sewer |    292 |    292 |      0 |      3 |    144 |   1 |  292.0 |
       Ossuary |    495 |    495 |      0 |    170 |    121 |   1 |  495.0 |
               +--------+--------+--------+--------+--------+-----+--------+

Top non-repeatable levels by time:
     D:2: 1184 daAuts
     D:1: 1135 daAuts
     D:3: 979 daAuts
     D:4: 905 daAuts
     D:5: 899 daAuts
     D:6: 879 daAuts
 Ossuary: 495 daAuts
   Sewer: 292 daAuts
     D:7: 114 daAuts
  Temple: 21 daAuts
